[Event "Titled Tuesday Blitz January 04 2022"]
[White "Solon, Nathan"]
[Black "Kobalia, Mikhail"]
[WhiteFideId "2017229"]
[BlackFideId "4119150"]
[WhiteElo "2559"]
[BlackElo "2667"]
[Result "0-1"]
[Round "02"]
[TimeControl "180+1"]
[Date "2022.01.04"]
[WhiteClock "0:00:26"]
[BlackClock "0:00:06"]

1. d4 Nf6 2. c4 g6 3. g3 Bg7 4. Bg2 O-O 5. Nc3 d6 6. Nf3 Nc6 7. O-O a6 8. b3 e5 9. dxe5 dxe5 10. Ba3 Re8 11. Qxd8 Rxd8 12. Nd5 Nxd5 13. cxd5 Rxd5 14. Ng5 Rd8 15. Rac1 h6 16. Ne4 Bg4 17. Nc5 Nd4 18. Nxb7 Nxe2+ 19. Kh1 Nxc1 20. Nxd8 Rxd8 21. Rxc1 Rd2 22. h3 Be6 23. Rxc7 Rxf2 24. Bc5 Rxa2 25. b4 e4 26. Bxe4 Be5 27. Ra7 h5 28. g4 hxg4 29. hxg4 Bxg4 30. Bd5 Ra1+ 31. Kg2 Be6 32. Bxe6 fxe6 33. Re7 Bc3 34. Rxe6 Kf7 35. Rc6 Bd2 36. Kf3 Ra4 37. Ke2 Bxb4 38. Bxb4 Rxb4 39. Rxa6 Rf4 40. Ke3 Rf5 41. Ke4 Rf1 42. Rb6 Kg7 43. Rb3 Kh6 44. Rf3 Rxf3 45. Kxf3 Kh5 46. Kg3 Kg5 0-1


[Site "https://www.chess.com"]

[Event "Titled Tuesday Blitz January 04 2022"]
[White "Spyropoulos, Nikolaos"]
[Black "Samadov, Read"]
[WhiteFideId "4298977"]
[BlackFideId "13417444"]
[WhiteElo "2159"]
[BlackElo "2084"]
[Result "1/2-1/2"]
[Round "02"]
[TimeControl "180+1"]
[Date "2022.01.04"]
[WhiteClock "0:00:02"]
[BlackClock "0:00:05"]

1. d4 Nf6 2. Nf3 g6 3. Bg5 Bg7 4. Nbd2 d5 5. e3 O-O 6. Bd3 c5 7. c3 Nc6 8. O-O Qb6 9. Rb1 Nd7 10. Be2 e5 11. dxe5 Ndxe5 12. Nxe5 Nxe5 13. Qb3 c4 14. Qxb6 axb6 15. a3 Bf5 16. Rbd1 Bc2 17. Ra1 Bd3 18. Rfe1 Bxe2 19. Rxe2 Nd3 20. Nf3 Ra5 21. Ne1 Nc5 22. Rd1 f6 23. Bf4 Na4 24. Bd6 Rd8 25. Bb4 Raa8 26. Nf3 Kf7 27. Nd4 Rd7 28. Red2 Rad8 29. Nb5 f5 30. Nd4 Nc5 31. Bxc5 bxc5 32. Ne2 b5 33. Kf1 g5 34. f3 Ke6 35. Kf2 Rb8 36. e4 fxe4 37. fxe4 Rbd8 38. Rxd5 Rxd5 39. Rxd5 Rxd5 40. exd5+ Kxd5 41. Kf3 b4 42. a4 Be5 43. h3 h5 44. a5 Bc7 45. a6 Kc6 46. Ng3 Bxg3 47. Kxg3 Kb6 48. h4 g4 49. Kf4 Kxa6 50. Kg5 Kb5 51. Kxh5 Ka4 52. Kxg4 Kb3 53. h5 Kxb2 54. h6 bxc3 55. h7 c2 56. h8=Q+ c3 57. Qb8+ Ka2 58. Qf4 Kb2 59. Qb8+ Ka2 60. Qa7+ Kb2 61. Qb6+ Ka2 62. Qa5+ Kb2 63. Qb5+ Ka1 64. Qf1+ Kb2 65. Qe2 Kb1 66. Qb5+ Ka1 67. Qa4+ Kb2 68. Qb5+ Ka1 1/2-1/2


[Site "https://www.chess.com"]

[Event "Titled Tuesday Blitz January 04 2022"]
[White "Stark, Lars"]
[Black "Svane, Rasmus"]
[WhiteFideId "4676386"]
[BlackFideId "4657101"]
[WhiteElo "2474"]
[BlackElo "2645"]
[Result "0-1"]
[Round "02"]
[TimeControl "180+1"]
[Date "2022.01.04"]
[WhiteClock "0:00:04"]
[BlackClock "0:00:32"]

1. c4 e6 2. g3 d5 3. Bg2 dxc4 4. Qa4+ Nd7 5. Qxc4 a6 6. Qc2 c5 7. a4 Ngf6 8. a5 Bd6 9. Nf3 O-O 10. d3 Nb8 11. Nbd2 Nc6 12. Nc4 Bc7 13. Bd2 Nd5 14. O-O e5 15. Rfc1 Ndb4 16. Qd1 Re8 17. Bc3 f6 18. Nfd2 Qe7 19. Nb3 Rd8 20. Qe1 Rb8 21. Nb6 Bd6 22. Nxc8 Rdxc8 23. Nd2 Qf7 24. Nc4 Bf8 25. Qd1 Kh8 26. Qa4 Nd4 27. Qd1 Rd8 28. Bxb4 cxb4 29. Nd2 Rbc8 30. e3 Nc6 31. Nc4 Qd7 0-1


[Site "https://www.chess.com"]

[Event "Titled Tuesday Blitz January 04 2022"]
[White "Terry, Renato"]
[Black "Artemenko, Oleg"]
[WhiteFideId "3803457"]
[BlackFideId "14201798"]
[WhiteElo "2577"]
[BlackElo "2287"]
[Result "1-0"]
[Round "02"]
[TimeControl "180+1"]
[Date "2022.01.04"]
[WhiteClock "0:01:22"]
[BlackClock "0:00:02"]

1. d4 Nf6 2. Bg5 e6 3. e4 d5 4. e5 h6 5. Be3 Nfd7 6. f4 c5 7. c3 Nc6 8. Nf3 Qb6 9. Qd2 Be7 10. Bd3 Qa5 11. O-O b6 12. f5 Ba6 13. fxe6 fxe6 14. Bg6+ Kd8 15. Rf2 Kc7 16. Bf7 cxd4 17. Nxd4 Nxd4 18. Bxd4 Nf8 19. b4 Qa4 20. Qe1 Rc8 21. Nd2 Kb8 22. Bh5 g6 23. Bd1 Qe8 24. a4 Bb7 25. a5 b5 26. a6 Ba8 27. Nb3 Nd7 28. Qe3 Rc7 29. Bg4 Bg5 30. Qh3 Nf8 31. Bc5 Rxc5 32. Nxc5 Rh7 33. Raf1 Nd7 34. Bxe6 Nxc5 35. Rf8 Be3+ 36. Qxe3 1-0


[Site "https://www.chess.com"]

[Event "Titled Tuesday Blitz January 04 2022"]
[White "Theodorou, Nikolas"]
[Black "Suvorov, Alexander"]
[WhiteFideId "4262875"]
[BlackFideId "12977063"]
[WhiteElo "2472"]
[BlackElo "2221"]
[Result "1-0"]
[Round "02"]
[TimeControl "180+1"]
[Date "2022.01.04"]
[WhiteClock "0:00:32"]
[BlackClock "0:00:16"]

1. e4 d6 2. d4 Nf6 3. Nd2 e5 4. Ngf3 Nbd7 5. Bd3 g6 6. O-O Bg7 7. dxe5 Nxe5 8. Nxe5 dxe5 9. Nf3 Qe7 10. h3 O-O 11. Qd2 Nd7 12. Qc3 Nc5 13. Bg5 Qd6 14. Rfd1 Nxd3 15. Rxd3 Qb6 16. Rad1 Be6 17. a4 a5 18. b3 Qb4 19. Qxb4 axb4 20. Be7 Rfc8 21. Rd8+ Rxd8 22. Rxd8+ Rxd8 23. Bxd8 c6 24. Be7 f5 25. Bxb4 fxe4 26. Ng5 Bf5 27. g4 Bf6 28. gxf5 Bxg5 29. fxg6 hxg6 30. Kf1 Kf7 31. Ke2 Ke6 32. c4 Kf5 33. Bc5 Bd8 34. b4 Ke6 35. Ke3 Kf5 36. b5 Ba5 37. bxc6 bxc6 38. Ba7 Bc7 39. c5 Ba5 40. Bb6 Bc3 41. a5 Bd4+ 42. Ke2 1-0


[Site "https://www.chess.com"]

[Event "Titled Tuesday Blitz January 04 2022"]
[White "Tregubov, Pavel V."]
[Black "Andreikin, Dmitry"]
[WhiteFideId "4115341"]
[BlackFideId "4158814"]
[WhiteElo "2341"]
[BlackElo "2736"]
[Result "0-1"]
[Round "02"]
[TimeControl "180+1"]
[Date "2022.01.04"]
[WhiteClock "0:01:13"]
[BlackClock "0:01:20"]

1. e4 g6 2. d4 Bg7 3. Nc3 c6 4. Nf3 d5 5. h3 dxe4 6. Nxe4 Nf6 7. Nxf6+ exf6 8. Bd3 O-O 9. O-O Nd7 10. c4 Nb6 11. Re1 Be6 12. b3 Qd7 13. Qc2 Rfe8 14. Bf4 Nc8 15. Rad1 Nd6 16. a4 Rac8 17. b4 Bf8 18. d5 cxd5 19. c5 b6 20. Nd4 bxc5 21. bxc5 Ne4 22. Bb5 Qe7 23. Bd6 Nxd6 24. cxd6 Qxd6 25. Qd2 Bd7 26. Qa5 Rxe1+ 27. Rxe1 Bxb5 28. Nxb5 Qf4 29. Rd1 Rc2 0-1


[Site "https://www.chess.com"]

[Event "Titled Tuesday Blitz January 04 2022"]
[White "Zhigalko, Sergei"]
[Black "Ozates, Tuna"]
[WhiteFideId "13502956"]
[BlackFideId "6354521"]
[WhiteElo "2662"]
[BlackElo "1872"]
[Result "1-0"]
[Round "02"]
[TimeControl "180+1"]
[Date "2022.01.04"]
[WhiteClock "0:00:18"]
[BlackClock "0:00:11"]

1. e4 c5 2. Nf3 Nc6 3. c3 Nf6 4. e5 Nd5 5. Bc4 Nb6 6. Bb3 c4 7. Bc2 Qc7 8. Qe2 g5 9. h3 Rg8 10. Na3 h5 11. Nb5 Qb8 12. d4 cxd3 13. Bxd3 g4 14. hxg4 hxg4 15. Ng5 Nxe5 16. Bh7 Rg7 17. Bc2 a6 18. Nd4 d6 19. Rh8 Qc7 20. Nh7 Rxh7 21. Bxh7 Bd7 22. Bh6 O-O-O 23. Rxf8 Rxf8 24. Bxf8 Qd8 25. Bg7 f6 26. O-O-O Qe8 27. Bb1 Ba4 28. Rh1 Qf7 29. Bh6 Qd5 30. Qe4 Qc4 31. Bf4 d5 32. Qe2 Qxe2 33. Nxe2 Kd7 34. Bxe5 fxe5 35. Bf5+ e6 36. Bxg4 Bb5 37. Rh6 Kc7 38. Rxe6 e4 39. Nd4 Ba4 40. b3 Bd7 41. Rxb6 Bxg4 42. Rg6 1-0


[Site "https://www.chess.com"]

[Event "Titled Tuesday Blitz January 04 2022"]
[White "Zierk, Steven"]
[Black "Wagner, Dinara"]
[WhiteFideId "2034255"]
[BlackFideId "24157570"]
[WhiteElo "2494"]
[BlackElo "2216"]
[Result "1/2-1/2"]
[Round "02"]
[TimeControl "180+1"]
[Date "2022.01.04"]
[WhiteClock "0:00:09"]
[BlackClock "0:00:16"]

1. b3 e5 2. Bb2 Nc6 3. c4 Nf6 4. e3 d5 5. cxd5 Nxd5 6. a3 f6 7. Qc2 Be6 8. Nf3 Be7 9. b4 a6 10. Bc4 Qd7 11. d4 Ndxb4 12. axb4 Nxb4 13. Qb3 Bxc4 14. Qxc4 e4 15. Ba3 Nd3+ 16. Kf1 Bxa3 17. Nxa3 exf3 18. Qxd3 fxg2+ 19. Kxg2 Qg4+ 20. Kf1 O-O 21. Rg1 Qh3+ 22. Ke2 Qh5+ 23. Kd2 Kh8 24. Rg3 c5 25. Rag1 Rf7 26. Nc2 Rd8 27. Qe4 Rfd7 28. Rxg7 Rxg7 29. Rxg7 cxd4 30. Re7 dxe3+ 31. Kxe3 Qh6+ 32. Kf3 Qh3+ 33. Ke2 Qh5+ 34. Ke3 Qh6+ 35. Kf3 Qh3+ 36. Kf4 Qh6+ 37. Kf5 Qg6+ 38. Kf4 Qh6+ 39. Kf3 1/2-1/2


[Site "https://www.chess.com"]

[Event "Titled Tuesday Blitz January 04 2022"]
[White "Aghasiyev, Kamal"]
[Black "Tsvetkov, Andrey"]
[WhiteFideId "13402854"]
[BlackFideId "34139360"]
[WhiteElo "2210"]
[BlackElo "2280"]
[Result "1-0"]
[Round "03"]
[TimeControl "180+1"]
[Date "2022.01.04"]
[WhiteClock "0:00:14"]
[BlackClock "0:00:25"]

1. d4 d5 2. c4 e6 3. Nc3 c6 4. Nf3 Nf6 5. e3 Nbd7 6. Bd3 dxc4 7. Bxc4 b5 8. Bd3 a6 9. O-O c5 10. a4 b4 11. Ne4 Bb7 12. Ng3 cxd4 13. exd4 Be7 14. Bf4 O-O 15. a5 Nd5 16. Bd2 Rc8 17. Qe2 Nb8 18. Ne5 Nc6 19. Nxc6 Rxc6 20. Ne4 Nf6 21. Nc5 Bxc5 22. dxc5 Qd5 23. f3 Rd8 24. Rad1 Qxc5+ 25. Be3 Qe7 26. Bb6 Rdc8 27. Bxa6 Nd5 28. Bxb7 Qxb7 29. Bd4 f6 30. f4 Kh8 31. b3 Rc2 32. Qf3 Ra2 33. Bb6 Rcc2 34. Rf2 Rxf2 35. Bxf2 Rxa5 36. f5 exf5 37. Qxf5 h6 38. Qg6 Qc6 39. Re1 Ra8 40. h3 Nf4 41. Qg4 Nd5 42. Qg6 Rd8 43. Kh2 Qd6+ 44. Bg3 Qd7 45. Rd1 Qe6 46. Rd4 Rd7 47. Re4 Ne7 48. Qe8+ Qg8 49. Qxd7 Nf5 50. Re8 Nxg3 51. Rxg8+ Kxg8 52. Kxg3 Kh7 53. Qd5 h5 54. Qc4 h4+ 55. Kf2 g5 56. Qxb4 Kg6 57. Qc4 Kh5 58. b4 g4 59. b5 g3+ 60. Kf3 Kg5 61. Qf4+ Kh5 62. Qg4+ Kh6 63. Qxh4+ Kg6 64. Qxg3+ Kf7 65. Qf4 Ke6 66. h4 Kd5 67. h5 Kc5 68. h6 Kb6 69. Qxf6+ Ka5 70. h7 Kb4 71. h8=Q Kb3 72. Qb2+ Kc4 73. Qhd4# 1-0


[Site "https://www.chess.com"]

[Event "Titled Tuesday Blitz January 04 2022"]
[White "Andreikin, Dmitry"]
[Black "Shimelkov, Vasiliy"]
[WhiteFideId "4158814"]
[BlackFideId "13701630"]
[WhiteElo "2736"]
[BlackElo "2073"]
[Result "1-0"]
[Round "03"]
[TimeControl "180+1"]
[Date "2022.01.04"]
[WhiteClock "0:01:09"]
[BlackClock "0:00:21"]

1. d4 d5 2. c4 e6 3. Nc3 Nf6 4. cxd5 exd5 5. Bg5 Be7 6. e3 h6 7. Bh4 O-O 8. Bd3 c6 9. Nge2 Ne4 10. Bxe7 Qxe7 11. Bxe4 dxe4 12. Ng3 f5 13. O-O Be6 14. d5 Rd8 15. Qh5 cxd5 16. Nxf5 Qf7 17. Qxf7+ Kxf7 18. Nd4 Nd7 19. Rac1 Ne5 20. Ncb5 Nd3 21. Nc7 Nxc1 22. Rxc1 Rac8 23. Ndxe6 Rd7 24. h4 Re7 25. Rc5 b6 26. Rxd5 Rcxc7 27. Nxc7 Rxc7 28. Rd2 Rc1+ 29. Kh2 Kf6 30. Kg3 Ke5 31. Rd7 Rc2 32. Rxg7 a5 33. Rg6 Rxb2 34. Rxh6 b5 35. a4 bxa4 36. Rh5+ Kd6 37. Rxa5 Rb4 38. h5 1-0


[Site "https://www.chess.com"]

[Event "Titled Tuesday Blitz January 04 2022"]
[White "Azadaliyev, Jahandar"]
[Black "Pliukha, Myhajlo"]
[WhiteFideId "13425811"]
[BlackFideId "14164698"]
[WhiteElo "1795"]
[BlackElo "2229"]
[Result "1-0"]
[Round "03"]
[TimeControl "180+1"]
[Date "2022.01.04"]
[WhiteClock "0:00:40"]
[BlackClock "0:00:03"]

1. d4 Nf6 2. c4 e6 3. Nf3 d5 4. g3 dxc4 5. Bg2 Be7 6. O-O O-O 7. Qc2 a6 8. a4 Bd7 9. Nbd2 Bc6 10. Nxc4 Nbd7 11. Rd1 Rc8 12. Nfe5 Bxg2 13. Kxg2 c5 14. Nxd7 Qxd7 15. dxc5 Qc6+ 16. f3 Qxc5 17. b3 b5 18. axb5 axb5 19. Ba3 Qc7 20. Ne3 Qxc2 21. Nxc2 Rxc2 22. Bxe7 Rfc8 23. Kf2 Nd5 24. Bg5 h6 25. Bd2 Nc3 26. Bxc3 R8xc3 27. Rab1 Ra2 28. Rd4 Rcc2 29. Re4 Rab2 30. Rxb2 Rxb2 31. Rb4 f5 32. Rxb5 Kf7 33. Rb7+ Kf6 34. f4 g5 35. Kf3 g4+ 36. Ke3 h5 37. b4 Kg6 38. b5 Kf6 39. b6 Kg6 40. Rb8 Kf6 41. b7 Kg7 42. Kd4 h4 43. gxh4 Rb5 44. h5 Kh7 45. h6 Rb2 46. e3 Rb5 47. Kc4 Rb1 48. Kc5 Rb2 49. Kd6 Rb3 50. Ke7 Rb6 51. Kf6 Rb3 52. Kxe6 Rb5 53. Kf6 Rb6+ 54. Kxf5 Rxb7 55. Rxb7+ Kxh6 56. e4 g3 57. hxg3 Kh5 58. Rh7# 1-0


[Site "https://www.chess.com"]

[Event "Titled Tuesday Blitz January 04 2022"]
[White "Babazada, Khazar"]
[Black "Rozen, Eytan"]
[WhiteFideId "13413554"]
[BlackFideId "2816750"]
[WhiteElo "2418"]
[BlackElo "2115"]
[Result "1-0"]
[Round "03"]
[TimeControl "180+1"]
[Date "2022.01.04"]
[WhiteClock "0:00:42"]
[BlackClock "0:00:03"]

1. e4 e5 2. Nf3 Nc6 3. Bb5 Nf6 4. O-O d6 5. Nc3 Bd7 6. h3 a6 7. Ba4 Be7 8. d3 O-O 9. a3 Nd4 10. Bxd7 Nxf3+ 11. Qxf3 Qxd7 12. Be3 c6 13. Rad1 d5 14. exd5 cxd5 15. Bg5 d4 16. Ne2 Rac8 17. c4 dxc3 18. Nxc3 Nd5 19. Bxe7 Nxe7 20. Rfe1 Nc6 21. Qg3 Rfd8 22. Ne4 Qf5 23. Rc1 h6 24. Rc3 Rd4 25. Nc5 b5 26. Nxa6 e4 27. dxe4 Rxe4 28. Rxe4 Qxe4 29. Nb4 Kh7 30. Kh2 Ne7 31. Re3 Qb7 32. Qf4 Ng6 33. Qf5 Qc7+ 34. g3 Rd8 35. Nd5 Qc1 36. Rd3 Rd6 37. Qxf7 Qxb2 38. Ne7 Nxe7 39. Rxd6 1-0


[Site "https://www.chess.com"]

[Event "Titled Tuesday Blitz January 04 2022"]
[White "Belyakov, Bogdan"]
[Black "Deac, Bogdan-Daniel"]
[WhiteFideId "24104795"]
[BlackFideId "1226380"]
[WhiteElo "2407"]
[BlackElo "2646"]
[Result "0-1"]
[Round "03"]
[TimeControl "180+1"]
[Date "2022.01.04"]
[WhiteClock "0:00:35"]
[BlackClock "0:00:28"]

1. e4 c5 2. c3 Qa5 3. a3 Nf6 4. e5 Nd5 5. d4 cxd4 6. b4 Qc7 7. cxd4 d6 8. Nf3 Bg4 9. Be2 e6 10. O-O Nd7 11. Ra2 Rc8 12. exd6 Bxd6 13. h3 Bf5 14. Bd2 O-O 15. Ra1 Qc2 16. Qxc2 Rxc2 17. Bd1 Rb2 18. Nc3 Rxd2 19. Nxd5 Rxd1 20. Rfxd1 exd5 21. Rac1 Nb6 22. Ne5 f6 23. Nd3 Nc4 24. Nc5 b6 25. Nd3 Nxa3 26. Ra1 Nb5 27. g4 Bxd3 28. Rxd3 Bxb4 29. Rc1 a5 30. Rc6 Rb8 31. Re3 a4 32. Ree6 a3 33. Rxb6 Rxb6 34. Rxb6 a2 35. Ra6 Na3 0-1


[Site "https://www.chess.com"]

[Event "Titled Tuesday Blitz January 04 2022"]
[White "Bortnyk, Olexandr"]
[Black "Tanenbaum, Zachary"]
[WhiteFideId "14120828"]
[BlackFideId "2060850"]
[WhiteElo "2723"]
[BlackElo "2168"]
[Result "0-1"]
[Round "03"]
[TimeControl "180+1"]
[Date "2022.01.04"]
[WhiteClock "0:00:02"]
[BlackClock "0:00:09"]

1. e4 e5 2. Nf3 Nc6 3. Bb5 a6 4. Ba4 d6 5. Bxc6+ bxc6 6. d4 exd4 7. Nxd4 c5 8. Nc6 Qd7 9. Na5 Qa4 10. Bd2 Qxe4+ 11. Kf1 Bf5 12. Nc3 Qxc2 13. Qe1+ Be7 14. Kg1 Be6 15. Nc6 Bf6 16. Nd5 Kd7 17. Ne3 Qa4 18. Na5 Bxb2 19. Rb1 Bd4 20. h4 Nf6 21. Nb3 Qxa2 22. Nxd4 cxd4 23. Nf1 Qd5 24. h5 h6 25. Rh4 Rhb8 26. Rc1 c5 27. Ng3 Rb2 28. Ra1 Rab8 29. Bf4 Qb7 30. Kh2 Ng4+ 31. Rxg4 Bxg4 32. Ne4 Rb1 33. Rxb1 Qxb1 34. Nxc5+ Kc6 35. Qa5 Qb5 36. Qa2 Qxc5 37. Qxa6+ Qb6 38. Qc4+ Qc5 39. Qa6+ Rb6 40. Qc8+ Bxc8 0-1


[Site "https://www.chess.com"]

[Event "Titled Tuesday Blitz January 04 2022"]
[White "Christiansen, Johan-Sebastian"]
[Black "Guseinov, Gadir"]
[WhiteFideId "1512668"]
[BlackFideId "13401378"]
[WhiteElo "2513"]
[BlackElo "2581"]
[Result "1-0"]
[Round "03"]
[TimeControl "180+1"]
[Date "2022.01.04"]
[WhiteClock "0:00:05"]
[BlackClock "0:00:02"]

1. e4 c5 2. Nf3 g6 3. c3 d5 4. exd5 Qxd5 5. d4 Bg7 6. Nbd2 cxd4 7. Bc4 Qh5 8. Qb3 Nh6 9. Nxd4 O-O 10. O-O Nd7 11. N2f3 Ne5 12. Bd5 Nf5 13. Nxe5 Bxe5 14. Nf3 Bd6 15. h3 Nh4 16. Nxh4 Qxh4 17. Re1 a5 18. a4 Rb8 19. Be3 b6 20. Rad1 Ba6 21. Rd4 Qf6 22. Re4 b5 23. Bd4 Qg5 24. Rg4 Qf5 25. Be4 Qh5 26. Qa2 bxa4 27. Be3 Qb5 28. Bxg6 hxg6 29. Rxg6+ Kh7 30. Rh6+ Kg7 31. Qb1 Qd3 32. Qc1 Rh8 33. Bd4+ f6 34. Qg5+ Kf7 35. Rxf6+ Ke8 36. Rxd6 1-0


[Site "https://www.chess.com"]

[Event "Titled Tuesday Blitz January 04 2022"]
[White "Daggupati, Balaji"]
[Black "Costachi, Mihnea"]
[WhiteFideId "2090759"]
[BlackFideId "1217518"]
[WhiteElo "2660"]
[BlackElo "2464"]
[Result "1-0"]
[Round "03"]
[TimeControl "180+1"]
[Date "2022.01.04"]
[WhiteClock "0:00:19"]
[BlackClock "0:00:03"]

1. e4 c5 2. Nf3 d6 3. d4 cxd4 4. Nxd4 Nf6 5. Nc3 Nc6 6. Bg5 e6 7. Qd2 Be7 8. O-O-O Bd7 9. f4 a6 10. Kb1 b5 11. a3 b4 12. axb4 Nxb4 13. e5 dxe5 14. fxe5 Nfd5 15. Nxd5 Nxd5 16. Bxe7 Qxe7 17. Nf5 exf5 18. Qxd5 O-O 19. Qxd7 Qxe5 20. Bc4 g6 21. Rhe1 Qc5 22. Qd5 Qc7 23. Bb3 Rad8 24. Qc4 Rxd1+ 25. Rxd1 Qxh2 26. Rd8 Qg1+ 27. Ka2 Qa7 28. Rd6 a5 29. Ra6 Qb7 30. Rxa5 h5 31. g3 Qb8 32. Qc3 Qd6 33. Ra7 f4 34. gxf4 Qxf4 35. Qc6 Qf5 36. Qc4 Qf6 37. Ra6 Qg5 38. Qe4 Kg7 39. Qd4+ Kh7 40. c4 h4 41. Qd6 Re8 42. Ra7 h3 43. Rxf7+ Kh6 44. Rf3 Ra8+ 45. Kb1 Qg1+ 46. Bd1 h2 47. Rh3+ Kg7 48. Rxh2 Re8 49. Rd2 Re1 50. Qd4+ Kh6 51. Qxg1 Rxg1 52. c5 Rg2 53. Rxg2 1-0


[Site "https://www.chess.com"]

[Event "Titled Tuesday Blitz January 04 2022"]
[White "Darini, Pouria"]
[Black "Hakobyan, Aram"]
[WhiteFideId "12502200"]
[BlackFideId "13306677"]
[WhiteElo "2489"]
[BlackElo "2557"]
[Result "1-0"]
[Round "03"]
[TimeControl "180+1"]
[Date "2022.01.04"]
[WhiteClock "0:00:20"]
[BlackClock "0:00:06"]

1. d4 Nf6 2. Bf4 d5 3. e3 e6 4. Nd2 Bd6 5. Bg3 c5 6. Ngf3 Qb6 7. dxc5 Qxc5 8. c4 Bxg3 9. hxg3 Nc6 10. Rc1 Qe7 11. cxd5 exd5 12. Bb5 Bd7 13. Bxc6 bxc6 14. Nb3 O-O 15. Qd4 Ne4 16. Nfd2 Nxd2 17. Kxd2 Rab8 18. Qh4 Qb4+ 19. Qxb4 Rxb4 20. Rh4 Rfb8 21. Rxb4 Rxb4 22. Rc5 Kf8 23. Kc3 Rb7 24. Ra5 Ke7 25. Nc5 Rc7 26. b4 Bc8 27. Kd4 h5 28. Ra3 Kd6 29. Rc3 g5 30. e4 Re7 31. Rf3 Be6 32. e5+ Kc7 33. Rf6 Kb6 34. Rh6 h4 35. gxh4 gxh4 36. Rxh4 a5 37. bxa5+ Kxa5 38. Rh8 Kb6 39. Rb8+ Ka7 40. Rd8 Kb6 41. a4 Ka5 42. Rb8 Rc7 43. f4 Bf5 44. g3 Bc2 45. g4 Bd1 46. g5 Ra7 47. f5 Bc2 48. f6 Bf5 49. Re8 Kb4 50. Re7 Ra5 51. Rb7+ Ka3 52. Rxf7 Ra8 53. e6 Rh8 54. e7 Rh4+ 55. Ke5 Bg6 56. Rg7 Rh1 57. Rxg6 Re1+ 58. Kd6 1-0


[Site "https://www.chess.com"]

[Event "Titled Tuesday Blitz January 04 2022"]
[White "Dev, Shah"]
[Black "Terry, Renato"]
[WhiteFideId "35019058"]
[BlackFideId "3803457"]
[WhiteElo "2098"]
[BlackElo "2577"]
[Result "0-1"]
[Round "03"]
[TimeControl "180+1"]
[Date "2022.01.04"]
[WhiteClock "0:01:37"]
[BlackClock "0:01:47"]

1. d4 e6 2. c4 Bb4+ 3. Bd2 Qe7 4. Nf3 Nf6 5. g3 Nc6 6. Bg2 Bxd2+ 7. Nbxd2 d6 8. O-O O-O 9. e4 e5 10. d5 Nb8 11. Ne1 a5 12. Nd3 Na6 13. f4 exf4 14. gxf4 Nd7 15. Qc2 Ndc5 16. Rae1 Qh4 17. Nf3 Qh6 18. e5 Nxd3 19. Qxd3 Qxf4 20. e6 Nc5 21. Qd4 fxe6 22. dxe6 Bxe6 23. Rxe6 Nxe6 24. Qd5 Rae8 25. Re1 Qf7 26. Qxb7 Nf4 27. Rxe8 Qxe8 28. Bf1 Qe3+ 29. Kh1 Qf2 0-1


[Site "https://www.chess.com"]

[Event "Titled Tuesday Blitz January 04 2022"]
[White "Drozdowski, Kacper"]
[Black "Erdogdu, Mert"]
[WhiteFideId "1136720"]
[BlackFideId "6301495"]
[WhiteElo "2507"]
[BlackElo "2485"]
[Result "1-0"]
[Round "03"]
[TimeControl "180+1"]
[Date "2022.01.04"]
[WhiteClock "0:00:15"]
[BlackClock "0:00:03"]

1. e4 c5 2. Nf3 d6 3. d4 cxd4 4. Nxd4 Nf6 5. f3 e5 6. Nb3 a5 7. a4 Be6 8. Nc3 Be7 9. Bb5+ Nc6 10. Nd5 O-O 11. Be3 Bxd5 12. exd5 Nb4 13. c4 Nh5 14. O-O Bg5 15. Bf2 b6 16. g3 g6 17. Qe2 f5 18. f4 exf4 19. Nd4 fxg3 20. hxg3 Ng7 21. Rae1 Ra7 22. Ne6 Nxe6 23. dxe6 Re7 24. Bd7 Bf6 25. Qd2 Qc7 26. Rd1 Be5 27. b3 Rd8 28. Rfe1 Kg7 29. Qg5 Rdxd7 30. exd7 Qxd7 31. Re2 Nc6 32. Qd2 Qe6 33. Qd5 Qxd5 34. Rxd5 Kf7 35. Kg2 h5 36. Red2 Rb7 37. Rb5 Ke6 38. Rxb6 Rc7 39. Rb5 Rc8 40. Rd1 g5 41. Rb7 Rh8 42. Rc7 Nb4 43. Ra7 Nc6 44. Ra6 Rc8 45. Be3 g4 46. Rh1 Nd4 47. Rxh5 Nxb3 48. Rh6+ Kd7 49. Rh7+ Ke6 50. Rh6+ Kd7 51. Bf4 Bxf4 52. gxf4 Rxc4 53. Raxd6+ Kc7 54. Rd3 Nc5 55. Rd5 Rc2+ 56. Kf1 Ne4 57. Rg6 g3 58. Rd3 Rf2+ 59. Kg1 Ra2 60. Re3 Rxa4 61. Re6 Ra2 62. Re5 a4 63. Rxf5 Nf2 64. Rc5+ Kb6 65. Rh5 a3 66. Rxg3 Ne4 67. Re3 Nc5 68. Rh8 Kb5 69. Ra8 Kc4 70. Raxa3 Rc2 71. f5 Nd7 72. Ra7 Nf6 73. Rc7+ Kd4 74. Rxc2 Kxe3 75. Rc6 Nd5 76. f6 Nf4 77. f7 1-0


[Site "https://www.chess.com"]

[Event "Titled Tuesday Blitz January 04 2022"]
[White "Fedotov, Nikita"]
[Black "Yaran, Siar"]
[WhiteFideId "24161446"]
[BlackFideId "6323006"]
[WhiteElo "2102"]
[BlackElo "1977"]
[Result "0-1"]
[Round "03"]
[TimeControl "180+1"]
[Date "2022.01.04"]
[WhiteClock "0:00:14"]
[BlackClock "0:00:07"]

1. Nf3 Nf6 2. g3 e6 3. Bg2 d5 4. O-O Be7 5. d3 O-O 6. Nbd2 Nbd7 7. e4 dxe4 8. dxe4 e5 9. Qe2 Re8 10. Nc4 Bf8 11. Rd1 Qe7 12. Ne3 Nc5 13. Nh4 g6 14. Nd5 Nxd5 15. exd5 f5 16. c4 a5 17. Nf3 h6 18. b3 Bg7 19. Bb2 e4 20. Nd4 Bd7 21. Bc3 Bf6 22. Qe3 Bg5 23. f4 exf3 24. Qxf3 Qe3+ 25. Qxe3 Bxe3+ 26. Kf1 Ne4 27. Bxe4 fxe4 28. Ne6 Re7 29. Ke2 Bb6 30. h3 Bxe6 31. dxe6 Rf8 32. Rd7 Rf2+ 33. Ke1 Rxe6 34. Rg7+ Kf8 35. Rd1 Rd6 36. Rxd6 cxd6 37. Rxb7 Bc5 38. Bg7+ Ke8 39. Bxh6 Rxa2 40. Bg5 e3 41. Re7+ Kf8 42. Re4 Rb2 43. Bxe3 Rxb3 44. Bxc5 dxc5 45. Re5 Rxg3 46. Rxc5 a4 47. Ra5 a3 48. h4 Ke7 49. Kf2 Rb3 50. Ke2 Kd6 51. Kd2 Rh3 52. Ra6+ Kc5 53. Rxg6 a2 54. Ra6 Rh1 55. Rxa2 Rh2+ 56. Ke3 Rxa2 57. Kf4 Kd4 58. Kg5 Ke5 59. h5 Rg2+ 60. Kh6 Kf6 61. Kh7 Kf7 62. h6 Rg6 63. c5 Rf6 64. c6 Rxc6 65. Kh8 Rxh6# 0-1


[Site "https://www.chess.com"]

[Event "Titled Tuesday Blitz January 04 2022"]
[White "Gareyev, Timur"]
[Black "Nepomniachtchi, Ian"]
[WhiteFideId "14200937"]
[BlackFideId "4168119"]
[WhiteElo "2586"]
[BlackElo "2740"]
[Result "0-1"]
[Round "03"]
[TimeControl "180+1"]
[Date "2022.01.04"]
[WhiteClock "0:00:23"]
[BlackClock "0:01:08"]

1. e4 e5 2. f4 Nc6 3. Nf3 f5 4. d3 d6 5. Nc3 Nf6 6. g3 g6 7. Bg2 Bg7 8. fxe5 dxe5 9. O-O O-O 10. exf5 gxf5 11. Bg5 Qd6 12. Kh1 a6 13. Nh4 Ng4 14. h3 Nh6 15. Qh5 Nd4 16. Nd5 Rf7 17. Rf2 Be6 18. Ne3 f4 19. Bxh6 fxe3 20. Bxe3 Rxf2 21. Bxf2 Rf8 22. Bxd4 Qxd4 23. Be4 h6 24. Ng6 Rf7 25. c3 Qf2 26. Nxe5 Bxe5 27. Qg6+ Kf8 28. Qxe6 Qxg3 29. Qxh6+ Ke7 0-1


[Site "https://www.chess.com"]

[Event "Titled Tuesday Blitz January 04 2022"]
[White "Grandelius, Nils"]
[Black "Yaksin, Oleg"]
[WhiteFideId "1710400"]
[BlackFideId "24105880"]
[WhiteElo "2617"]
[BlackElo "2256"]
[Result "1-0"]
[Round "03"]
[TimeControl "180+1"]
[Date "2022.01.04"]
[WhiteClock "0:01:19"]
[BlackClock "0:00:01"]

1. Nf3 Nf6 2. g3 d5 3. Bg2 Bf5 4. O-O e6 5. c4 c6 6. cxd5 exd5 7. d3 Be7 8. Qb3 Qb6 9. Qc2 O-O 10. Nc3 h6 11. e4 Bh7 12. Be3 Qa6 13. a3 Nbd7 14. b4 Rfe8 15. Rfd1 Rad8 16. exd5 Nxd5 17. Nxd5 cxd5 18. Qb3 Bf6 19. Rac1 d4 20. Nxd4 Ne5 21. b5 Qa5 22. Bxb7 Nxd3 23. Nc6 Nxc1 24. Rxc1 Qc7 25. Nxd8 Qxd8 26. Bxa7 Qd2 27. Be3 Qe2 28. Bd5 Bg6 29. b6 Kh7 30. b7 Rxe3 31. Qxe3 Qb2 32. Rd1 Be5 33. Be4 f5 34. Bg2 1-0


[Site "https://www.chess.com"]